 Dungeon Crawl Stone Soup version 0.17.0-28-g6e173f8 (webtiles) character file.

41605 Zacharias the Carver (level 13, -14/90 HPs)
             Began as a High Elf Fighter on Nov 20, 2015.
             Was a High Priest of Okawaru.
             Demolished by Potsanchik's ghost (19 damage)
             ... on level 5 of the Lair of Beasts on Nov 22, 2015.
             The game lasted 03:17:29 (28394 turns).

Zacharias the Carver (High Elf Fighter)            Turns: 28394, Time: 03:17:29

Health: -14/90     AC: 17    Str: 19    XL:     13   Next: 80%
Magic:  14/19      EV: 19    Int: 14    God:    Okawaru [*****.]
Gold:   1017       SH:  0    Dex: 15    Spells: 1 memorised, 16 levels left

rFire  x . .     SeeInvis .     Q - +3 great sword
rCold  + . .     Clarity  .     B - +1 scale mail "Beemuuc" {rElec Regen+}
rNeg   . . .     SustAt   .     (shield currently unavailable)
rPois  .         Gourm    +     (no helmet)
rElec  +         Spirit   .     k - +2 cloak
rCorr  .         Warding  .     m - +0 pair of gloves
rMut   .         Stasis   .     g - +0 pair of boots
MR     +....                    n - amulet of the gourmand
Stlth  ++........               d - ring of flight
                                p - ring of ice

@: heroism, finesse, very slightly contaminated, invisible, somewhat resistant
to hostile enchantments, unstealthy
A: no striking features
a: Heroism, Finesse, Renounce Religion, Evoke Flight


You were on level 5 of the Lair of Beasts.
You worshipped Okawaru.
Okawaru was extremely pleased with you.
You were not hungry.

You visited 3 branches of the dungeon, and saw 18 of its levels.
You also visited: Ossuary.

You collected 1017 gold pieces.

Inventory:

Hand Weapons
 A - a +1 long sword of flaming
 Q - a +3 great sword (weapon)
 W - the +1 shortbow of the Moon {flame, +Fly Str+4}
   (You found it on level 9 of the Dungeon)

   It causes projectiles fired from it to burn those they strike, causing extra
   injury to most foes and up to half again as much damage against particularly
   susceptible opponents.
   It affects your strength (+4).
   It lets you fly.
Missiles
 b - 77 arrows
 E - 46 arrows of frost
 O - 30 arrows of flame
Armour
 g - a +0 pair of boots (worn)
 k - a +2 cloak (worn)
 m - a +0 pair of gloves (worn)
 B - the +1 scale mail "Beemuuc" (worn) {rElec Regen+}
   (You found it on level 4 of the Lair of Beasts)

   It insulates you from electricity.
   It increases your rate of regeneration.
 X - a +2 chain mail of cold resistance
Jewellery
 d - a ring of flight (right hand)
 h - an uncursed amulet of stasis
 n - an amulet of the gourmand (around neck)
 o - an uncursed ring of ice
 p - a ring of ice (left hand)
 P - an uncursed amulet of rage {unknown}
Wands
 a - a wand of cold (5)
 j - a wand of heal wounds (0)
 q - a wand of polymorph (10)
 w - a wand of lightning (1)
 x - a wand of enslavement (12)
 F - a wand of frost (37)
 I - a wand of magic darts (40)
 R - a wand of slowing (11)
 S - a wand of flame (16)
 T - a wand of invisibility (1)
 Z - a wand of magic darts (45)
Scrolls
 c - a scroll of silence
 e - a scroll of fog
 i - a scroll of teleportation
 s - 2 scrolls of magic mapping
 u - 7 scrolls of vulnerability
 y - a scroll of recharging
 z - a scroll of torment {unknown}
 D - 3 scrolls of brand weapon
 G - 3 scrolls of enchant weapon
 J - 2 scrolls of amnesia
 K - 6 scrolls of immolation
 M - 2 scrolls of enchant armour
 N - 2 scrolls of fear
Potions
 t - a potion of magic
 C - 3 potions of lignification
 H - 2 potions of brilliance
 L - a potion of flight
Books
 v - a book of Conjurations

   Spells                             Type                      Level
   a - Magic Dart                     Conjuration                  1
   b - Searing Ray                    Conjuration                  2
   c - Dazzling Spray                 Conjuration/Hexes            3
   d - Fulminant Prism                Conjuration/Hexes            4
   e - Iskenderun's Mystic Blast      Conjuration                  4
   f - Iskenderun's Battlesphere      Conjuration/Charms           5
 Y - a book of Power

   Spells                             Type                      Level
   a - Fulminant Prism                Conjuration/Hexes            4
   b - Iskenderun's Mystic Blast      Conjuration                  4
   c - Venom Bolt                     Conjuration/Poison           5
   d - Bolt of Magma                  Conjuration/Fire/Earth       5
   e - Iron Shot                      Conjuration/Earth            6
   f - Orb of Destruction             Conjuration                  7
   g - Spellforged Servitor           Conjuration/Summoning        7
Comestibles
 f - 11 royal jellies
 r - 7 meat rations


   Skills:
 + Level 9.5(14.5) Fighting
 + Level 12.7(17.7) Long Blades
 * Level 10.0(15.0) Bows
 + Level 8.8(13.8) Armour
 + Level 10.2(15.2) Dodging
 + Level 1.4(6.4) Stealth
   Level 7.9(12.9) Shields
 * Level 2.7 Spellcasting
 * Level 2.6 Conjurations
 * Level 7.4 Invocations
 * Level 6.7 Evocations


You had 16 spell levels left.
You knew the following spells:

 Your Spells              Type           Power        Failure   Level  Hunger
a - Magic Dart            Conj           #...         21%         1    #......


Dungeon Overview and Level Annotations

Branches:
Dungeon (12/15)            Temple (1/1) D:5            Lair (5/8) D:11
 Spider (0/4) Lair:4          Orc (0/4) D:10
  Swamp: Lair:3-6    Shoals: Lair:3-6

Altars:
Ashenzari
Cheibriados
Dithmenos
Elyvilon
Fedhas
Gozag
Kikubaaqudgha
Makhleb
Nemelex Xobeh
Okawaru
Qazlal
Ru
Sif Muna
Trog
Vehumet
Xom
Yredelemnul
Zin
The Shining One

Shops:
D:11 %

Annotations:
D:4 Pikel
Lair:5 Potsanchik's ghost, journeyman SpGl


Message History

Potsanchik's ghost hits you!!
* * * LOW HITPOINT WARNING * * *
You completely miss Potsanchik's ghost.
Potsanchik's ghost is lightly damaged.
Potsanchik's ghost hits you but does no damage.
Potsanchik's ghost closely misses you. Potsanchik's ghost hits you!!
* * * LOW HITPOINT WARNING * * *
Press: ? - help, v - describe, . - travel
Here: Potsanchik's ghost (lightly damaged)
The floor, spattered with blood.
Potsanchik's ghost is nearby!
Zapping:
T - a wand of invisibility (2)
Press: ? - help, Shift-Dir - straight line, f - you, p - Potsanchik's ghost You fade into invisibility!
You are very lightly contaminated with residual magic.
This wand has 1 charge left.
Potsanchik's ghost hits you but does no damage.
Potsanchik's ghost hits you!!
You die...

#.....# ......♣ P....# .#
......♣♣ ##...### #.# .......#
#......# ... ......# ###....##
###.. ......# ##.....######.P..
......##♣ ♣♣♣##.............P..
........#♣♣♣♣...W#..............#
................@#...P...........
..................#..###.....#...
.......................#.........
............................#....
.................................
P................#...........#...
#...#...#.....###.......P.P.##..#
..##≈#.###...## ###......P......P
.. #≈≈≈≈#....# #...#..≈≈≈≈.....


You could see Potsanchik's ghost.

Vanquished Creatures
  Josephine (D:12)
  Fannar (D:11)
  6 hydras
  Erolcha (D:8)
  6 death yaks
  Urug (D:10)
  5 hill giants
  3 cyclopes (D:11)
  An ugly thing (D:11)
  Maurice (D:11)
  Joseph (D:7)
  A black mamba (Lair:3)
  7 spiny frogs
  Psyche (D:11)
  2 komodo dragons (Lair:2)
  A kobold demonologist (D:12)
  A queen bee (Lair:3)
  3 trolls
  A fire drake (Lair:2)
  3 polar bears (D:8)
  A two-headed ogre (D:10)
  10 blink frogs
  The ghost of P0WERM0DE the Sneak, an amateur VSAs (D:4)
  7 wraiths
  Sigmund (D:2)
  A wyvern (D:11)
  A deep elf mage (D:10)
  11 yaks
  Eustachio (D:4)
  4 hungry ghosts
  Grum (D:10)
  5 hippogriffs
  A basilisk (Lair:3)
  13 wolves
  2 wargs (D:11)
  4 water moccasins
  6 porcupines
  2 sky beasts
  8 spiders (Lair:4)
  Purgy (D:4)
  6 orc warriors
  2 black bears
  3 phantoms
  A necrophage (D:8)
  4 slaves (D:5)
  5 centaurs
  An ice beast (D:8)
  12 ogres
  6 crocodiles
  7 big kobolds
  A wyvern zombie (Ossuary)
  16 giant frogs
  A wyvern skeleton (D:11)
  3 scorpions
  6 wights
  4 electric eels
  10 bog bodies (Ossuary)
  46 killer bees
  3 centaur zombies
  2 giant frog zombies (Ossuary)
  3 crimson imps
  7 orc priests
  4 hounds
  6 iguanas
  Crazy Yiuf (D:4)
  2 quasits
  2 jellies
  A centaur skeleton (D:8)
  2 giant frog skeletons
  16 orc wizards
  Natasha (thrice) (D:4 D:3)
  5 worker ants
  15 sheep
  2 killer bee zombies (Ossuary)
  3 hound skeletons
  4 mummies (Ossuary)
  3 worker ant zombies
  12 gnolls
  50 river rats
  14 adders
  3 shadow imps
  2 ufetubi (D:8)
  2 oozes (D:2)
  4 adder zombies (Ossuary)
  8 worms
  2 adder skeletons
  8 giant geckos
  51 orcs
  15 hobgoblins
  21 jackals
  22 kobolds
  3 ball pythons
  17 bats
  3 giant cockroaches
  A giant cockroach zombie (Ossuary)
  A giant gecko simulacrum (D:8)
  6 giant newts
  19 goblins
  2 jackal zombies
  3 quokkas
  5 quokka zombies
  14 rats
  3 fungi
  3 plants (Ossuary)
640 creatures vanquished.

Vanquished Creatures (others)
  A hound skeleton (D:10)
  5 fungi
  3 plants (Ossuary)
  5 toadstools (D:1)
14 creatures vanquished.

Grand Total: 654 creatures vanquished

Notes
Turn   | Place    | Note
--------------------------------------------------------------
     0 | D:1      | Zacharias the High Elf Fighter began the quest for the Orb.
     0 | D:1      | Reached XP level 1. HP: 16/16 MP: 2/2
   232 | D:1      | Reached XP level 2. HP: 19/21 MP: 3/3
   278 | D:1      | You fall through a shaft!
   323 | D:2      | Found a snail-covered altar of Cheibriados.
   929 | D:1      | Reached XP level 3. HP: 23/26 MP: 4/4
  1069 | D:2      | Noticed Sigmund
  1553 | D:2      | Noticed a moth of wrath
  1577 | D:2      | Reached skill level 1 in Dodging
  1577 | D:2      | Reached XP level 4. HP: 26/31 MP: 5/5
  1598 | D:2      | Found a bloodstained altar of Trog.
  2162 | D:2      | Killed Sigmund
  2162 | D:2      | Reached XP level 5. HP: 21/37 MP: 6/6
  2162 | D:2      | Reached XP level 6. HP: 24/43 MP: 7/7
  2400 | D:3      | Reached skill level 1 in Stealth
  2457 | D:3      | Reached skill level 4 in Long Blades
  2500 | D:3      | Found a sacrificial altar of Ru.
  3706 | D:4      | Reached XP level 7. HP: 36/48 MP: 8/8
  3718 | D:4      | Noticed P0WERM0DE's ghost (amateur VSAs)
  3762 | D:4      | Killed P0WERM0DE's ghost
  4137 | D:4      | Noticed Eustachio
  4310 | D:4      | Noticed Purgy
  4404 | D:4      | Killed Purgy
  4404 | D:4      | Reached skill level 5 in Long Blades
  4670 | D:4      | Killed Eustachio
  4670 | D:4      | Reached skill level 5 in Shields
  4892 | D:4      | Noticed Crazy Yiuf
  4908 | D:4      | Killed Crazy Yiuf
  4908 | D:4      | Reached XP level 8. HP: 31/54 MP: 9/9
  4948 | D:4      | Noticed Natasha
  4975 | D:4      | Killed Natasha
  5181 | D:4      | Noticed Natasha
  5184 | D:4      | Killed Natasha
  5251 | D:5      | Entered Level 5 of the Dungeon
  5251 | D:5      | Noticed Pikel
  5380 | D:4      | Noticed Natasha
  5416 | D:3      | Killed Natasha
  5722 | D:5      | Found a shattered altar of Ashenzari.
  5805 | D:5      | Reached skill level 5 in Dodging
  5937 | D:5      | Found a staircase to the Ecumenical Temple.
  5961 | Temple   | Entered the Ecumenical Temple
  6814 | D:5      | Reached skill level 5 in Fighting
  6849 | D:5      | Reached skill level 6 in Long Blades
  7753 | D:6      | Found an iron altar of Okawaru.
  7759 | D:6      | Became a worshipper of Warmaster Okawaru
  7760 | D:6      | Upgraded the game from 0.17.0-27-g4a3f43e to 0.17.0-28-g6e173f8
  7912 | D:6      | Reached skill level 5 in Armour
  8093 | D:7      | Found a glowing golden altar of the Shining One.
  8093 | D:7      | Found a burning altar of Makhleb.
  8093 | D:7      | Found an ancient bone altar of Kikubaaqudgha.
  8094 | D:7      | Found a deep blue altar of Sif Muna.
  8358 | D:7      | Reached XP level 9. HP: 44/61 MP: 10/10
  8377 | D:7      | Found a sand-covered staircase.
  8389 | Ossuary  | Entered an ossuary
  8569 | Ossuary  | Reached skill level 7 in Long Blades
  8725 | Ossuary  | Reached * piety under Okawaru
  9340 | D:7      | Noticed Joseph
  9349 | D:7      | Killed Joseph
 10392 | D:8      | Found a bloodstained altar of Trog.
 10478 | D:8      | Reached skill level 8 in Long Blades
 10503 | D:8      | Reached ** piety under Okawaru
 10763 | D:8      | Noticed Erolcha
 10781 | D:8      | Reached XP level 10. HP: 55/68 MP: 9/11
 12107 | D:8      | Killed Erolcha
 12107 | D:8      | Reached *** piety under Okawaru
 12814 | D:8      | Reached skill level 9 in Long Blades
 12814 | D:8      | Reached skill level 1 in Evocations
 13308 | D:9      | Reached skill level 1 in Invocations
 14427 | D:9      | Found a shadowy altar of Dithmenos.
 14479 | D:9      | Reached **** piety under Okawaru
 14913 | D:9      | Got a slimy shortbow
 14914 | D:9      | Identified the cursed +1 shortbow of the Moon {flame, +Fly Str+4} (You found it on level 9 of the Dungeon)
 14936 | D:10     | Entered Level 10 of the Dungeon
 14942 | D:10     | Noticed Urug
 15064 | D:10     | Noticed Grum
 15075 | D:10     | Reached XP level 11. HP: 45/75 MP: 10/13
 15083 | D:10     | Reached skill level 1 in Bows
 15091 | D:10     | Killed Grum
 15166 | D:10     | Noticed a hill giant
 15598 | D:10     | Killed Urug
 15882 | D:10     | Killed a hill giant
 15886 | D:10     | Reached skill level 10 in Long Blades
 16506 | D:10     | Reached ***** piety under Okawaru
 16879 | D:10     | Noticed a hill giant
 16894 | D:10     | Killed a hill giant
 17190 | D:10     | Found a staircase to the Orcish Mines.
 17561 | D:10     | Found a deep blue altar of Sif Muna.
 17615 | D:11     | Noticed Psyche
 17644 | D:11     | Killed Psyche
 17644 | D:11     | Received a gift from Okawaru
 17975 | D:11     | Noticed Fannar
 18006 | D:11     | Killed Fannar
 18046 | D:11     | Found a staircase to the Lair.
 18137 | D:11     | Learned a level 1 spell: Magic Dart
 18152 | D:11     | Identified a +0 rod of shadows (14/14) (You found it on level 8 of the Dungeon)
 18185 | D:11     | Noticed Maurice
 18208 | D:11     | Killed Maurice
 18488 | D:11     | Reached skill level 11 in Long Blades
 18608 | D:11     | Noticed a six-headed hydra
 18624 | D:11     | Killed a one-headed hydra
 18624 | D:11     | Received a gift from Okawaru
 18624 | D:11     | Reached XP level 12. HP: 39/84 MP: 14/16
 19064 | D:11     | Reached skill level 5 in Bows
 19377 | D:11     | Found Kafereru's Food Shoppe.
 19467 | D:12     | Noticed a seven-headed hydra
 19481 | D:12     | Killed a two-headed hydra
 19874 | D:12     | Reached skill level 5 in Invocations
 20650 | D:12     | Noticed Josephine
 20709 | D:12     | Killed Josephine
 20828 | D:12     | Reached skill level 5 in Evocations
 21677 | D:11     | Reached skill level 12 in Long Blades
 21692 | Lair:1   | Entered Level 1 of the Lair of Beasts
 22995 | Lair:2   | Noticed a seven-headed hydra
 23006 | Lair:2   | Killed a two-headed hydra
 23024 | Lair:2   | Received a gift from Okawaru
 23262 | Lair:2   | Reached XP level 13. HP: 90/90 MP: 18/18
 23542 | Lair:2   | Noticed a four-headed hydra
 23555 | Lair:2   | Killed a one-headed hydra
 23842 | Lair:2   | Received a gift from Okawaru
 25485 | Lair:3   | Received a gift from Okawaru
 26510 | Lair:4   | Found a hole to the Spider Nest.
 26522 | Lair:4   | Received a gift from Okawaru
 26535 | Lair:4   | Reached skill level 1 in Conjurations
 26932 | Lair:4   | Got a fine scale mail
 26959 | Lair:4   | Identified the cursed +1 scale mail "Beemuuc" {rElec Regen+} (You found it on level 4 of the Lair of Beasts)
 26995 | Lair:4   | Reached skill level 1 in Spellcasting
 27080 | Lair:4   | Reached skill level 10 in Dodging
 27173 | Lair:4   | Reached skill level 10 in Bows
 27196 | Lair:3   | HP: 1/90 [death yak (18)]
 27337 | Lair:4   | Received a gift from Okawaru
 28360 | Lair:5   | Noticed Potsanchik's ghost (journeyman SpGl)
 28391 | Lair:5   | HP: 3/90 [Potsanchik's ghost (20)]
 28394 | Lair:5   | Demolished by Potsanchik's ghost

Action                   |  1- 3 |  4- 6 |  7- 9 | 10-12 | 13-15 || total
-------------------------+-------+-------+-------+-------+-------++-------
Melee: Long sword        |   158 |   367 |   923 |   276 |    22 ||  1746
       Great sword       |       |       |       |   806 |   450 ||  1256
 Fire: Shortbow          |       |       |       |    88 |   225 ||   313
Throw: Tomahawk          |       |       |       |    31 |       ||    31
       Javelin           |       |       |       |     7 |       ||     7
Invok: Heroism           |       |       |     1 |    14 |     2 ||    17
       Finesse           |       |       |       |     9 |     3 ||    12
 Abil: Evoke Flight      |       |       |     1 |     1 |       ||     2
Evoke: Wand              |       |       |    14 |    11 |    11 ||    36
  Use: Potion            |       |     6 |     5 |     9 |     5 ||    25
       Scroll            |       |     1 |    17 |    10 |     5 ||    33
  Eat: Chunk             |     2 |     2 |    23 |    52 |     4 ||    83
       Pizza             |       |     1 |       |     2 |       ||     3
       Bread ration      |       |     1 |       |     1 |     3 ||     5
       Beef jerky        |       |       |     1 |     5 |       ||     6
       Meat ration       |       |       |     1 |       |       ||     1
       Royal jelly       |       |       |       |     2 |       ||     2
